Cogmind - Beta 16 @@@ ROGUE MODE // 2025.12.25 @ 19:04:28 Player: 2401 Result: Destroyed by L-31 Rogue with Katana Performance ------------- Evolutions (2) 1000 Regions Visited (5) 1000 Robots Destroyed (42) 210 Value Destroyed (1098) 1098 Prototype IDs (0) 0 Alien Tech Used (0) 0 Bonus (0) 0 TOTAL SCORE: 3308 Bonus ------- None Cogmind --------- Core Integrity 0/550 Matter 250/300 Energy 32/125 System Corruption 2% Temperature Cool (9) Movement Core (450) Ox8 Location -8/Storage Parts ------- > --- POWER (3) -------- Light Ion Engine > --- PROPULSION (4) --- (None) > --- UTILITY (2) ------ Large Storage Unit Advanced Targeting Computer > --- WEAPON (2) ------- Minigun > --- INVENTORY (15) --- Heat Sink High-capacity Battery (250) High-capacity Matter Pod (200) Structural Scanner Machine Analyzer Terrain Scan Processor ECM Suite Weapon Shielding Hardened Medium Armor Plating Shock Rifle EM Pulse Cannon Heavy Assault Rifle Peak State ------------ > --- POWER ------------ Deuterium Engine Light Nuclear Core Light Nuclear Core > --- PROPULSION ------- Advanced Treads Compact Wheel Compact Wheel Compact Wheel > --- UTILITY ---------- Large Storage Unit Advanced Targeting Computer > --- WEAPON ----------- Heavy Ion Cannon Heavy Ion Cannon > --- INVENTORY -------- Flight Unit Heat Sink High-capacity Battery High-capacity Matter Pod Structural Scanner Machine Analyzer Terrain Scan Processor ECM Suite Weapon Shielding Hardened Medium Armor Plating EM Pulse Cannon Heavy Assault Rifle Minigun Grenade Launcher Mining Laser [Rating: 29] Favorites ----------- Power Light Ion Engine Engine Light Ion Engine Power Core Light Nuclear Core Propulsion Wheel Treads Armored Treads Leg Aluminum Leg Wheel Wheel Flight Unit Flight Unit Utility Large Storage Unit Device ECM Suite Storage Large Storage Unit Processor Advanced Targeting Computer Protection Medium Armor Plating Weapon Light Cannon Energy Gun Small Laser Energy Cannon Heavy Ion Cannon Ballistic Gun Light Assault Rifle Ballistic Cannon Light Cannon Launcher Grenade Launcher Special Weapon Mining Laser Build | -11 -10 -10 -9 -8 -8 ------- Run | Yrd Mat Min Mat Mat Sto Slots Evolved 4 | . . . 2 2 . Power 2 | . . . . 2 . Propulsion 2 | . . . 2 . . Utility . | . . . . . . Weapon . | . . . . . . Parts Attached 56 | 7 11 2 2 30 4 Power 13 | 1 2 1 . 7 2 Engine 11 | 1 2 1 . 5 2 Core 2 | . . . . 2 . Reactor . | . . . . . . Propulsion 18 | 2 2 . . 12 2 Treads 5 | . . . . 5 . Leg 1 | 1 . . . . . Wheel 11 | 1 2 . . 7 1 Hover . | . . . . . . Flight 1 | . . . . . 1 Utility 10 | 1 4 1 2 2 . Device 4 | . 3 1 . . . Storage 3 | 1 1 . 1 . . Processor 2 | . . . 1 1 . Hackware . | . . . . . . Protection 1 | . . . . 1 . Artifact . | . . . . . . Weapon 15 | 3 3 . . 9 . Energy Gun 5 | 2 . . . 3 . Energy Cannon 3 | . . . . 3 . Ballistic Gun 2 | 1 . . . 1 . Ballistic Cannon 2 | . 2 . . . . Launcher 1 | . 1 . . . . Special Weapon 2 | . . . . 2 . Impact Weapon . | . . . . . . Slashing Weapon . | . . . . . . Piercing Weapon . | . . . . . . Special Melee Weapon . | . . . . . . Unidentified Prototypes . | . . . . . . Corrupted Parts 1 | . . . . 1 . System Corruption 1 | . . . . 1 . Parts Lost 29 | . 1 2 . 19 7 Power 10 | . 1 . . 8 1 Propulsion 10 | . . 1 . 5 4 Utility 2 | . . 1 . 1 . Weapon 7 | . . . . 5 2 Highest Loss Streak 4 | . 1 2 . 3 4 To Critical Strikes . | . . . . . . Average Backups 8 | 2 4 11 15 13 14 Power . | . . . 1 . . Propulsion . | . . . . . . Utility 4 | . 2 5 6 8 9 Weapon 3 | . 2 6 7 4 4 Tool/Special . | . . . . . . Unused Backups 18 | . 1 . 2 5 10 Power . | . . . . . . Propulsion . | . . . . . . Utility 13 | . 1 . 1 3 8 Weapon 5 | . . . 1 2 2 Tool/Special . | . . . . . . Average Slot Usage (%) 81 | . 88 99 64 83 50 Engine 11 | . 11 14 11 14 . Core 3 | . . . . 7 . Treads 4 | . . . . 9 2 Leg 2 | . 7 . . . . Wheel 17 | . 19 27 11 15 8 Device 5 | . 15 14 . . . Storage 8 | . 4 14 11 9 9 Processor 4 | . . . 9 7 9 Energy Gun 4 | . 7 . . 5 . Energy Cannon 3 | . . . . 4 17 Ballistic Gun 3 | . 7 . . 4 . Ballistic Cannon 8 | . 12 28 22 1 . Launcher 1 | . . . . 2 . Peak Build Rating 29 | 6 7 8 8 29 19 Average Rating 9 | 4 6 7 7 18 15 On Entrance 7 | . 5 7 6 8 19 Avg Prop Armor Cover (%) 11 | 10 10 . . 12 10 Naked Turns . | . . . . . . Heaviest Build 91 | 6 91 91 89 55 36 Greatest Support 64 | 10 20 20 10 64 32 Greatest Overweight (x) 18 | . 4 8 8 18 11 Average Overweight (x) 1 | . . 4 5 1 2 Largest Inventory Capacity 25 | 5 25 25 25 15 15 Average Capacity 11 | 5 11 25 22 15 15 Most Carried 17 | 3 9 16 17 15 15 Average Carried 8 | 2 4 11 15 13 14 Final Capacity 25 | 5 25 25 15 15 15 Final Carried 16 | 3 9 16 14 14 12 Class Distribution -------------------- 86% | Mutant 13% | Scavenger-Mutant Dominant Class ---------------- Mutant | -10/Materials Mutant | -10/Mines Mutant | -9/Materials Mutant | -8/Materials Mutant | -8/Storage Resources | -11 -10 -10 -9 -8 -8 ----------- Run | Yrd Mat Min Mat Mat Sto Matter Collected 1212 | 294 176 62 . 634 46 Remotely . | . . . . . . Salvage Created 1228 | 59 126 . . 842 201 Parts 91 | 2 3 . . 69 17 Haulers Intercepted . | . . . . . . Recyclers Shooed . | . . . . . . Parts Field Recycled . | . . . . . . Retrieved Matter . | . . . . . . Parts Self-Destructed . | . . . . . . Prevented . | . . . . . . Parts Restored . | . . . . . . Kills | -11 -10 -10 -9 -8 -8 ------- Run | Yrd Mat Min Mat Mat Sto Combat Hostiles Destroyed 30 | 1 3 . . 22 4 Guns 11 | 1 2 . . 8 . Cannons 8 | . 1 . . 3 4 AOE 11 | . . . . 11 . Classes Destroyed 7 | 2 . . . 4 1 Worker 4 | 1 . . . 1 2 Builder 6 | . . . . 6 . Recycler 1 | . . . . . 1 Mechanic 1 | . . . . 1 . Swarmer 10 | . . . . 7 3 Grunt 12 | 1 3 . . 8 . Sentry 8 | . . . . 7 1 Best Kill Streak 13 | 1 1 . . 13 4 Combat Bots Only 7 | 1 1 . . 7 3 Max Kills in Single Turn 6 | 1 1 . . 6 2 Gunslinging . | . . . . . . Exploded 3 | . . . . 3 . Melee . | . . . . . . Uniques/NPCs Destroyed . | . . . . . . Combat | -11 -10 -10 -9 -8 -8 -------- Run | Yrd Mat Min Mat Mat Sto Hostile Shots Fired 324 | 4 40 40 4 196 40 Missed 103 | . 11 18 3 63 8 Hits 221 | 4 29 22 1 133 32 Melee 8 | . . . . . 8 Projectile 213 | 4 29 22 1 133 24 Critical Strikes 10 | . 1 2 . 4 3 Damage Taken 3365 | 45 452 243 10 1990 625 Core 699 | 12 89 20 . 337 241 Absorbed by Shields . | . . . . . . Core Remaining (%) 82 | 95 . 51 100 . . Volleys Fired 86 | 10 21 . . 42 13 Largest 2 | 2 2 . . 2 2 Hottest 130 | 60 80 . . 130 130 Shots Fired 145 | 15 38 . . 70 22 Gun 91 | 15 28 . . 43 5 Cannon 44 | . 8 . . 19 17 Launcher 10 | . 2 . . 8 . Special . | . . . . . . Kinetic 54 | 7 19 . . 23 5 Thermal 70 | 8 14 . . 31 17 Explosive 10 | . 2 . . 8 . Electromagnetic 11 | . 3 . . 8 . Robot Hit Streak 12 | 3 8 . . 12 6 Robot Miss Streak 5 | 1 5 . . 3 3 Penetration Max . | . . . . . . Secondary Targets 1 | . . . . 1 . Max Gunslinging Chain 1 | . . . . 1 . Shots Hit Robots 88 | 3 21 . . 51 13 Core Hits 68 | 3 9 . . 48 8 Critical Kills . | . . . . . . Critical Parts Destroyed . | . . . . . . Critical Strikes 1 | . 1 . . . . Blast 1 | . 1 . . . . Melee Attacks . | . . . . . . Impact . | . . . . . . Slashing . | . . . . . . Piercing . | . . . . . . Sneak Attacks . | . . . . . . Combat Hostiles . | . . . . . . Follow-up Attacks . | . . . . . . Damage Inflicted 2672 | 31 270 . . 1966 405 Guns 696 | 31 164 . . 432 69 Cannons 698 | . 106 . . 323 269 Explosions 1268 | . . . . 1201 67 Melee . | . . . . . . Ramming 10 | . . . . 10 . Kinetic 569 | 19 150 . . 331 69 Thermal 838 | 12 108 . . 449 269 Explosive 1165 | . . . . 1098 67 Electromagnetic 90 | . 12 . . 78 . Impact . | . . . . . . Slashing . | . . . . . . Piercing . | . . . . . . Highest Corruption 2 | . . . . 2 2 Average Corruption 1 | . . . . 1 2 Corruption Purged . | . . . . . . Corruption Blocked . | . . . . . . Effects 5 | . . . . 4 1 Message Errors 1 | . . . . . 1 Matter Fused 1 | . . . . 1 . Heat Flow Errors 2 | . . . . 2 . Data Loss (minor) 1 | . . . . 1 . Overload Shots . | . . . . . . Overflow Damage 31 | . . . . 17 14 Projectiles . | . . . . . . Explosions 31 | . . . . 17 14 Melee . | . . . . . . Knockbacks 2 | . 2 . . . . Impact . | . . . . . . Kinetic 2 | . 2 . . . . Secondary . | . . . . . . Self-Inflicted Damage 179 | . 14 . . 86 79 Shots 7 | . 1 . . 4 2 Rammed 5 | . . . . 5 . Targets Rammed 5 | . . . . 5 . Kicked . | . . . . . . Crushed . | . . . . . . Highest Temperature 192 | 26 18 7 . 192 108 Average Temperature 50 | 15 8 7 . 61 42 Received Heat Transfer 1218 | 24 267 54 . 738 135 Siege Activations . | . . . . . . Martial Activations . | . . . . . . Shielding Activations . | . . . . . . Robots Disrupted . | . . . . . . Combat Hostiles . | . . . . . . Robots Corrupted . | . . . . . . Combat Hostiles . | . . . . . . Parts Fried 1 | . . . . 1 . Impact Corruptions . | . . . . . . Robots Melted . | . . . . . . Combat Hostiles . | . . . . . . Parts Melted 2 | . . . . 2 . Heat Transferred 1303 | 25 250 . . 658 370 Parts Sabotaged . | . . . . . . Parts Stolen . | . . . . . . Parts Stripped . | . . . . . . Power Chain Reactions 2 | . . . . 2 . Alert | -11 -10 -10 -9 -8 -8 ------- Run | Yrd Mat Min Mat Mat Sto Maximum Alert Level 1 | . . . . 1 . Low Security (%) 88 | 100 100 100 100 58 100 Level 1 11 | . . . . 41 . Level 2 . | . . . . . . Level 3 . | . . . . . . Level 4 . | . . . . . . Level 5 . | . . . . . . High Security . | . . . . . . Max Security . | . . . . . . Peak Influence 300 | 20 34 15 5 300 168 Initial 85 | . . . . . 85 Average 51 | . 4 . . 154 103 Influence Increases 1093 | 25 82 15 5 743 223 Destroy 0b10 Robot/C 600 | 20 60 . . 440 80 Destroy 0b10 Robot/NC 60 | 5 . . . 40 15 Destroy Leader 150 | . 10 . . 120 20 Successful Hack 5 | . . . 5 . . Disable Machine 90 | . . . . 30 60 Destroy Structure 128 | . 12 . . 83 33 Lose Combat Pursuer 60 | . . 15 . 30 15 Influence Decreases 975 | 25 82 15 5 541 307 Entered New Map 117 | . . . . . 117 Time Decay 634 | 25 82 . 5 402 120 Lost Part 224 | . . 15 . 139 70 Squads Dispatched 7 | . 1 . . 5 1 Investigation 2 | . . . . 2 . Extermination . | . . . . . . Reinforcement 5 | . 1 . . 3 1 Assault . | . . . . . . Garrison . | . . . . . . Intercept . | . . . . . . Searches Triggered . | . . . . . . Construction Impeded 1 | . . . . 1 . Haulers Reinforced . | . . . . . . Active Scanning Responses . | . . . . . . Cargo Convoy Interrupts . | . . . . . . Stealth | -11 -10 -10 -9 -8 -8 --------- Run | Yrd Mat Min Mat Mat Sto Distress Signals 6 | . 2 . . 4 . Communications Jammed . | . . . . . . Distress Signals . | . . . . . . Times Spotted 83 | 1 22 4 4 43 9 Peak Tracking Total 9 | 1 4 5 5 9 8 Tactical Retreats 9 | . 6 1 . 1 1 ECM-based Alert Blocks 9 | . 9 . . . . Traps | -11 -10 -10 -9 -8 -8 ------- Run | Yrd Mat Min Mat Mat Sto Traps Triggered 2 | . . . . 2 . Indirectly . | . . . . . . Trap Hack Attempts . | . . . . . . Triggered . | . . . . . . Disarmed . | . . . . . . Reprogrammed . | . . . . . . Reused . | . . . . . . Traps Extracted . | . . . . . . Installed . | . . . . . . Triggered . | . . . . . . Machines | -11 -10 -10 -9 -8 -8 ---------- Run | Yrd Mat Min Mat Mat Sto Machines Disabled 6 | . . . . 2 4 Max in Single Turn 3 | . . . . 1 3 Machines Repaired . | . . . . . . Machines Dismantled . | . . . . . . Machines Sabotaged . | . . . . . . Overloaded Fab Kills . | . . . . . . Hacking | -11 -10 -10 -9 -8 -8 --------- Run | Yrd Mat Min Mat Mat Sto Machines Accessed 8 | . 3 . 1 3 1 Terminals 5 | . 2 . 1 2 . Fabricators . | . . . . . . Repair Stations 1 | . . . . . 1 Recycling Units 1 | . 1 . . . . Scanalyzers 1 | . . . . 1 . Garrison Access . | . . . . . . Total Hacks 23 | . 7 . 4 11 1 Successful 16 | . 6 . 3 7 . Failed 7 | . 1 . 1 4 1 Catastrophic . | . . . . . . Database Lockouts . | . . . . . . Manual . | . . . . . . Terminals 17 | . 6 . 4 7 . Fabricators . | . . . . . . Repair Stations 1 | . . . . . 1 Recycling Units 1 | . 1 . . . . Scanalyzers 4 | . . . . 4 . Garrison Access . | . . . . . . Terminal Hacks 11 | . 5 . 3 3 . Record 5 | . . . 3 2 . Alert Level 5 | . 4 . . 1 . Locate Traps 1 | . 1 . . . . Fabricator Hacks . | . . . . . . Repair Station Hacks . | . . . . . . Recycling Unit Hacks 1 | . 1 . . . . Report Inventory 1 | . 1 . . . . Scanalyzer 4 | . . . . 4 . Insert Component 1 | . . . . 1 . Analyze 1 | . . . . 1 . Retrieve Study 2 | . . . . 2 . Garrison Access Hacks . | . . . . . . Unauthorized Hacks . | . . . . . . Terminals . | . . . . . . Fabricators . | . . . . . . Repair Stations . | . . . . . . Recycling Units . | . . . . . . Scanalyzers . | . . . . . . Garrison Access . | . . . . . . Data Cores Recovered . | . . . . . . Used . | . . . . . . Hacking Detections 5 | . 1 . 1 3 . Full Trace Events 3 | . 1 . . 2 . Feedback Events . | . . . . . . Feedback Blocked . | . . . . . . Robot Schematics Acquired . | . . . . . . Robots Built . | . . . . . . Authchips . | . . . . . . Time . | . . . . . . Total Robot Build Rating . | . . . . . . Part Schematics Acquired 1 | . . . . 1 . Parts Built . | . . . . . . Authchips . | . . . . . . Time . | . . . . . . Total Part Build Rating . | . . . . . . Part Studies Acquired 2 | . . . . 2 . Parts Repaired . | . . . . . . Time . | . . . . . . Parts Recycled . | . . . . . . Recycled Matter . | . . . . . . Retrieved Matter . | . . . . . . Retrieved Components . | . . . . . . Parts Scanalyzed 1 | . . . . 1 . Part Schematics Acquired 1 | . . . . 1 . Parts Damaged . | . . . . . . Bothacking | -11 -10 -10 -9 -8 -8 ------------ Run | Yrd Mat Min Mat Mat Sto Used RIF Installer . | . . . . . . Robots Hacked . | . . . . . . Non-combat . | . . . . . . Combat . | . . . . . . Robot Hacks Applied . | . . . . . . Relay Couplers Released . | . . . . . . Fabnet Peak Effective % . | . . . . . . Robots Rewired . | . . . . . . Allies Hacked . | . . . . . . Hacks Repelled . | . . . . . . Allies | -11 -10 -10 -9 -8 -8 -------- Run | Yrd Mat Min Mat Mat Sto Total Allies . | . . . . . . Largest Group . | . . . . . . Highest-Rated Group . | . . . . . . Highest-Rated Ally . | . . . . . . Total Orders . | . . . . . . Ally Attacks . | . . . . . . Total Damage . | . . . . . . Kills . | . . . . . . Allies Corrupted . | . . . . . . Allies Melted . | . . . . . . Intel | -11 -10 -10 -9 -8 -8 ------- Run | Yrd Mat Min Mat Mat Sto Active Infowar (turns) 925 | . 650 275 . . . Terrain 80 | . . 80 . . . ECM 845 | . 650 195 . . . Robot Analysis Total . | . . . . . . Derelict Logs Recovered . | . . . . . . Drone Launches . | . . . . . . Drone Recoveries . | . . . . . . Exploration | -11 -10 -10 -9 -8 -8 ------------- Run | Yrd Mat Min Mat Mat Sto Turns Passed 4328 | 1499 798 277 255 1244 255 Spaces Moved 2873 | 1030 611 174 145 794 119 Core 467 | 446 . . . 10 11 Treads 57 | . . . . 57 . Legs 56 | 56 . . . . . Wheels 2293 | 528 611 174 145 727 108 Hover . | . . . . . . Flight . | . . . . . . Fastest Speed 50 | 50 80 140 110 80 115 Average Speed 102 | 69 87 142 168 126 167 Slowest Speed 950 | 120 140 200 200 950 600 Overloaded Moves . | . . . . . . Propulsion Burnouts . | . . . . . . Robots Hopped . | . . . . . . Potential Cave-ins . | . . . . . . Cave-ins Triggered . | . . . . . . Exploration Rate (%) 33 | 29 53 37 12 44 26 Regions Visited 5 Branch Regions 2 Pre-discovered Areas . | . . . . . . Known Exits Taken . | . . . . . . Unknown Exits Taken 5 | 1 1 1 1 1 . Scrap Searched 1 | . . 1 . . . Spaces Dug 12 | . 12 . . . . Terrain Destroyed 120 | . 12 . . 76 32 Melee . | . . . . . . Projectile 7 | . . . . 3 4 AOE 113 | . 12 . . 73 28 Terrain Rammed . | . . . . . . Walls Destroyed . | . . . . . . Machines Disabled . | . . . . . . Actions | -11 -10 -10 -9 -8 -8 --------- Run | Yrd Mat Min Mat Mat Sto Total 4115 | 1804 838 202 156 962 153 Wait 988 | 746 167 17 5 40 13 Move 2868 | 1029 610 173 144 793 119 Hop . | . . . . . . Pick Up 64 | 8 18 7 2 27 2 Fast Attach 11 | . . . . 9 2 Attach 34 | 8 5 . 1 16 4 Detach 3 | 3 . . . . . Swap 29 | . 8 5 1 15 . Drop 27 | . 9 . 3 15 . Fire 86 | 10 21 . . 42 13 Melee . | . . . . . . Ram 4 | . . . . 4 . Kick . | . . . . . . Crush 1 | . . . . 1 . Escape Stasis . | . . . . . . Rewire . | . . . . . . Trap . | . . . . . . Miscellaneous . | . . . . . . Route ------- -11/Scrapyard -10/Materials (discovered 3 exits: *Mat / [*Min x2]) -10/Mines (discovered 2 exits: *Mat x2) -9/Materials (discovered 2 exits: *Mat / [*Min]) -8/Materials -8/Storage History --------- Turn | Location | Event 2 | -11/Scrapyard | Met Revision 17 410 | -11/Scrapyard | Discovered new exit (range 8) 1500 | -11/Scrapyard | Entered Materials 1501 | -10/Materials | Build established: Mutant 1505 | -10/Materials | Discovered new exit (range 15) 1823 | -10/Materials | Discovered new exit (range 7) 2008 | -10/Materials | Discovered new exit (range 6) 2298 | -10/Materials | Entered Mines 2374 | -10/Mines | Discovered new exit (range 9) 2429 | -10/Mines | Discovered new exit (range 14) 2575 | -10/Mines | Entered Materials 2575 | -9/Materials | Evolved 2 slots: Propulsion x2 2687 | -9/Materials | Discovered new exit (range 13) 2781 | -9/Materials | Discovered new exit (range 10) 2830 | -9/Materials | Entered another Materials area 2830 | -8/Materials | Evolved 2 slots: Power x2 2851 | -8/Materials | Discovered new exit (range 11) 2968 | -8/Materials | Lost 3 parts (1n2w) 3150 | -8/Materials | Lost 3 parts (2p1w) 3412 | -8/Materials | Destroyed 7 combat bots 3439 | -8/Materials | Build established: Scavenger-Mutant 4026 | -8/Materials | Core integrity fell below 50% 4053 | -8/Materials | Build established: Mutant 4062 | -8/Materials | Lost 3 parts (1p1n1w) 4074 | -8/Materials | Entered Storage 4163 | -8/Storage | Lost 3 parts (3n) 4315 | -8/Storage | Core integrity fell below 20% 4329 | -8/Storage | Destroyed by L-31 Rogue with Katana Last Messages --------------- U-05 Engineer builds a Wall. K-01 Serf collects debris. | OJEVQ8PJWIATHO XDCG K-01 Serf destroyed. Acquired Lgt. Ion Engine. S-10 Pest destroyed. Hvy. Ion Cannon severed. R-06 Scavenger collects Lgt. Assault Rifle. Lgt. Ion Engine destroyed. Critical hit (Burn: +37). Hvy. Ion Cannon destroyed. Com. Wheel severed. Flight Unit destroyed. Mining Laser destroyed. [Achievement: First Step to Greatness] Map ----- +----------------------------------------------------+ | | | #### # # #####???????????????????????????????? | | ####????????????????????????????? | | """#????????????????????????????? | | R"#????????????????????????????? | | # """#????????????????????????????? | | ###????????????????????????????? | | # %"#?????????????????????????????? | | ##### # # # ################??????????????????? | | % ????????????????? | | ????????????????? | | ????????????????? | | ################+###############?????????????????? | | ????????????# #???????????????????????????? | | ????????????# """" #???????????????????????????? | | ????????????# "??" #???????????????????????????? | | ????????????# "??" #???????????????????????????? | | ????????????# "??" #???????????????????????????? | | ????????????# "??" #??###??????????????????????? | | ????????????# """" ####;#######????????????????? | | ????????????# + + ?????????????????? | | ????????????# # ## ???????????????????? | | ????????????#######+## ## % ?????????????????????? | | ????????????????? / ##g""""""?????????????????? | | ??????????????????# #=%g![/!"??#??????????????? | | ??????????????????# ##@"]!!!"? #??????????????? | | ??????????????????# ##l"" """ #??????????????? | | ??????????????????#+## ##= =% #??????????????? | | ?????????????????????# ######/#####??????????????? | | ?????????????????????# #?????????????????? | | ?????????????????????####### #?????????????????? | | ???????????????????????????# #?????????????????? | | ???????????????????????????# #?????????????????? | | ???????????????????????????# #?????????????????? | | ???????????????????????????# #?????????????????? | | ???????????????????????????# #?????????????????? | | ???????????????????????????# #?????????????????? | | ???????????????????????????# #?????????????????? | | ???????????????????????????# #?????????????????? | | ???????????????????????????# #?????????????????? | | ???????????????????????????# #?????????????????? | | ???????????????????????????? #?????????????????? | | ???????????????????????????? #?????????????????? | | ???????????????????????????? +?????????????????? | | ???????????????????????????? ??????????????????? | | ?????????????????????????????????????????????????? | | ?????????????????????????????????????????????????? | | ?????????????????????????????????????????????????? | | ?????????????????????????????????????????????????? | | ?????????????????????????????????????????????????? | +----------------------------------------------------+ Best States ------------- Heat Dissipation 35 Energy Generation 32 Energy Capacity 440 Matter Stores 300 Matter Capacity 300 Sight Range 16 Terrain Scan Range 14 Terrain Scan Density 10 ECM Strength 1 Armor Coverage 225 Evasion (%) 55 Targeting Accuracy 8 Recoil Reduction 2 Item Schematics ----------------- Sml. Laser | -8/Materials | Scanalyzed Robot Schematics ------------------ None Fabricated ------------ Nothing Repaired ---------- Nothing Studied --------- Sml. Laser | -8/Materials | Hacked Minigun | -8/Materials | Hacked Alien Tech Used ----------------- None Achievements -------------- A Problem For Future Me Crack Shot First Step to Greatness For Emergencies Only Item+ One Hack Too Far Organ Harvest Resistances Are Futile Storm Trooper There's More Where That Came From Uninvited Guest Challenges ------------ None Game ------ Seed SpikedGravityFrame Manual? 0 Play Time 02:17:19 Cumulative 2.2 hours Start 2025.12.25 @ 01:30:24 End 2025.12.25 @ 19:04:28 Sessions 3 Manual Loads 0 Difficulty Rogue Special Mode None Game No. 1 Rogue 1 Adventurer 0 Explorer 0 Win Type - Total 0 Types 0/0/0/0/0/0/0/0/0/0 Lore% 0 Gallery% 2 Achievement% 2 Wizard Run 0 Options --------- Layout 1 ASCII 0 Keyboard 0 Movement Vi Keybinds 0 Fullscreen 1 Font 24/Terminus Map View 50x35 Zoom Use 0% Tactical HUD 0 Map Filters NONE Filters NONE Steam 1 RUN: 72d8eb05-ec0d-4bd6-b513-345cc3e687cb